 Dungeon Crawl Stone Soup version 0.30.1-3-gfc49f6343a (webtiles) character file.

Game seed: 14909029644550762404

284 anestheticheart the Ducker (level 6, 0/36 HPs)
             Began as an Octopode Hedge Wizard on July 22, 2023.
             Slain by an orc wizard
             ... wielding a +0 dagger
              (2 damage)
             ... on level 4 of the Dungeon.
             The game lasted 00:35:52 (3824 turns).

anestheticheart the Ducker (Octopode Hedge Wizard)  Turns: 3824, Time: 00:35:52

Health: 0/36       AC:  1    Str:  9    XL:     6   Next: 29%
Magic:  11/11      EV: 15    Int: 22    God:
Gold:   138        SH:  0    Dex: 17    Spells: 4/12 levels left

rFire   . . .        s - +3 sling of Desertification {speed, rElec rC- Int+3 Dex+6}
rCold   x . .        (no shield)
rNeg    . . .        b - +0 hat
rPois   .            u - amulet of magic regeneration
rElec   +            p - ring of resist corrosion
rCorr   +            (no ring)
SInv    .            (no ring)
Will    .....        (no ring)
Stlth   ++           (no ring)
HPRegen 0.26/turn    (no ring)
MPRegen 0.52/turn    (no ring)
                     (no ring)

%: no passive effects
@: confused
A: almost no armour, amphibious, 8 rings, camouflage 1, gelatinous body 1,
(nimble swimmer 1), tentacles, MP-powered wands
a: no special abilities


You were on level 4 of the Dungeon.
You visited 1 branch of the dungeon, and saw 4 of its levels.

You collected 138 gold pieces.

Inventory:

Hand Weapons
 a - a +0 dagger
 k - a +0 spear
 s - the +3 sling of Desertification (weapon) {speed, rElec rC- Int+3 Dex+6}
   (You found it on level 2 of the Dungeon)

   Int:       It affects your intelligence (+3).
   Dex:       It affects your dexterity (+6).
   rC:        It makes you vulnerable to cold.
   rElec:     It insulates you from electricity.
Missiles
 t - 2 poisoned darts
Armour
 b - a +0 hat (worn)
Jewellery
 p - a ring of resist corrosion (left tentacle)
 u - an amulet of magic regeneration (around mantle)
Wands
 v - a wand of charming (9)
Scrolls
 e - 4 scrolls of teleportation {unknown}
 f - 2 scrolls of enchant weapon {unknown}
 i - a scroll of acquirement {unknown}
 l - a scroll of blinking {unknown}
 m - a scroll of butterflies {unknown}
 n - 2 scrolls of magic mapping {unknown}
 o - 5 scrolls of identify {unknown}
 r - a scroll of brand weapon {unknown}
Potions
 c - a potion of magic


   Skills:
 + Level 3.9 Dodging
 - Level 2.6 Stealth
 - Level 3.6 Spellcasting
 + Level 2.6 Conjurations
 - Level 2.4 Summonings
 - Level 1.0 Translocations
 + Level 0.3 Air Magic
 + Level 2.9 Poison Magic


You had 4 spell levels left.
You knew the following spells:

 Your Spells              Type           Power      Damage    Failure   Level
a - Magic Dart            Conj           60%        1d6       4%          1
b - Call Imp              Summ           28%        N/A       7%          2
c - Blink                 Tloc           16%        N/A       12%         2
d - Mephitic Cloud        Conj/Pois/Air  12%        N/A       16%         3

Your spell library contained the following spells:

 Spells                   Type           Power      Damage    Failure   Level
 Apportation              Tloc           16%        N/A       8%          1
 Slow                     Hex            16%        N/A       12%         1
 Cigotuvi's Dreadful Rot  Necr/Pois/Air  16%        N/A       12%         2
 Tukima's Dance           Hex            4%         N/A       34%         3
 Passage of Golubria      Tloc           8%         N/A       58%         4
 Alistair's Intoxication  Tmut/Pois      6%         N/A       87%         5
 Yara's Violent Unravell  Hex/Tmut       2%         3d3       97%         5


Dungeon Overview and Level Annotations

Branches:
Dungeon (4/15)
 Temple: D:4-7

Altars:

Shops:
D:1 =   D:4 *


Innate Abilities, Weirdness & Mutations

You cannot wear most types of armour.
You are amphibious.
You can wear up to eight rings at the same time.
Your skin changes colour to match your surroundings (Stealth+).
Your rubbery body absorbs attacks. (AC +1, EV +1)
((You are camouflaged when in or above water. (Stealth+)))
You have tentacles for arms and can constrict up to eight enemies at once.
You expend magic power (3 MP) to strengthen your wands.


Message History

A hobgoblin comes into view.
You bump into the rock wall.
The hobgoblin shouts!
The hobgoblin hits you.
You bump into the rock wall.
The hobgoblin misses you. The hobgoblin attacks as you move away!
The hobgoblin misses you.
You're too confused to cast spells.
You're too confused to cast spells.
There are monsters nearby!
You're too confused to cast spells.
You feel clever.
You feel agile.
Your tentacles tingle!
s - the +3 sling of Desertification (weapon)
{speed, rElec rC- Int+3 Dex+6} The orc wizard casts a spell at you.
The puff of flame misses you.
The orc wizard attacks as you move away!
The orc wizard completely misses you.
The orc wizard mumbles some strange words.
The orc wizard flickers and vanishes!
You bump into the rock wall.
You are starting to lose your buoyancy.
You miss something. You miss something. The orc hits you with a +0 whip.
You hear some strange, mumbled words.
Something tries to affect you, but you resist.
The orc closely misses you. Something hits you.
* * * LOW HITPOINT WARNING * * *
You completely miss something. Your squeeze misses something.
Something hits you.
* * * LOW HITPOINT WARNING * * *
The orc hits you with a +0 whip.
* * * LOW HITPOINT WARNING * * *
You float gracefully downwards.
Something barely misses you.
You bump into the rock wall.
Something hits you.
* * * LOW HITPOINT WARNING * * *
The orc barely misses you.
The orc wizard gestures wildly while chanting.
The orc wizard flickers and vanishes!
Something hits you.
You die...

.... #.....#........# #.
#.###.#............# #.
#........##........# #..
##.###.......########
#...###.o######.#######
#...##..go..{##<#.....######
#....#.#####g##.#.....##...##
#...........o##....#.....#...
##.###.#####@####.....##...##
#.##........# #.....######
.##.##..ยง..#####.# #######
#......).........##
.##.######.#####..## #
#...........# ###.#.#####.#.#
#...........#.#
#.###.......#.#


You could see an orc and a hobgoblin.

Vanquished Creatures
  A hound (D:4)
  9 gnolls (D:3)
  2 adders
  2 worms
  An orc (D:3)
  4 ball pythons
  5 endoplasms
  4 giant cockroaches
  5 goblins
  5 hobgoblins
  7 jackals
  3 quokkas
  4 bats
  4 frilled lizards
  28 kobolds
  A rat (D:3)
85 creatures vanquished.

Vanquished Creatures (collateral kills)
  3 gnolls (D:3)
  An adder (D:3)
  A dart slug (D:3)
  An orc (D:4)
  A goblin (D:3)
  3 hobgoblins
  9 kobolds (D:3)
19 creatures vanquished.

Grand Total: 104 creatures vanquished

Notes
Turn   | Place    | Note
-------+----------+-------------------------------------------
     0 | D:1      | anestheticheart the Octopode Hedge Wizard began the quest
                  | for the Orb.
     0 | D:1      | Reached XP level 1. HP: 11/11 MP: 4/4
   481 | D:1      | Reached XP level 2. HP: 17/17 MP: 0/6
   741 | D:1      | Found Hoclaneq's One-of-a-Kind Rings.
   992 | D:2      | Reached XP level 3. HP: 19/21 MP: 7/7
  1002 | D:2      | Learned a level 2 spell: Call Imp
  1518 | D:2      | Identified the +3 sling of Desertification {speed, rElec
                  | rC- Int+3 Dex+6}
  1807 | D:2      | Learned a level 2 spell: Blink
  1950 | D:3      | Reached XP level 4. HP: 27/27 MP: 4/9
  2475 | D:3      | Learned a level 3 spell: Mephitic Cloud
  2865 | D:3      | Reached skill level 1 in Poison Magic
  3062 | D:3      | Reached XP level 5. HP: 31/31 MP: 1/10
  3478 | D:3      | Reached XP level 6. HP: 36/36 MP: 8/11
  3638 | D:4      | Found Keomourph's Elemental Accessories.
  3762 | D:4      | Gained mutation: You expend magic power (3 MP) to
                  | strengthen your wands. [potion of mutation]
  3824 | D:4      | Slain by an orc wizard

Illustrated notes

Levels and vault maps discovered:
D:1:      amcnicky_arrival_feature_with_door, layout_basic,
          minmay_misc_feat_roman, minmay_misc_feat_tower,
          nicolae_shop_unique_rings, roderic_lattice_a
D:2:      layout_basic, kennysheep_generic_room_8
D:3:      minmay_goblin_kobold_castle, layout_rooms
D:4:      layout_loops_cross, minmay_temple_entry_mist, nicolae_elemental_shop,
          minmay_misc_feat_rows

Skill      XL: |  1  2  3  4  5 |
---------------+----------------+-----
Summonings     | 2 |  2.4
Dodging        | 3 |  3.9
Poison Magic   | 1 2 |  2.9
Conjurations   | 2 |  2.6
Stealth        | |  2.6
Spellcasting   | |  3.6
Translocations | |  1.0
Air Magic      | |  0.3

Action                     |  1- 3 |  4- 6 || total
---------------------------+-------+-------++-------
  Melee: Spear             |    56 |    30 ||    86
         Tentacles         |     8 |     2 ||    10
         Dagger            |     2 |       ||     2
         Constrict         |    13 |     7 ||    20
         Sling             |       |     3 ||     3
   Fire: Sling             |       |   136 ||   136
   Cast: Magic Dart        |    42 |    36 ||    78
         Call Imp          |     9 |    22 ||    31
    Use: Potion            |       |     5 ||     5
   Stab: Sleeping          |     3 |     3 ||     6
         Distracted        |     1 |       ||     1
 Armour: Skin              |     7 |    94 ||   101
  Dodge: Dodged            |    29 |    54 ||    83
